 Dungeon Crawl Stone Soup version 0.28-a0-851-g8b9cc49 (webtiles) character file.

Game seed: 5391133329448274769

51 Meow the Chopper (level 3, 0/36 HPs)
             Began as a Naga Berserker on Nov 14, 2021.
             Was a Believer of Trog.
             Slain by an orc wizard (3 damage)
             ... on level 3 of the Dungeon.
             The game lasted 00:04:57 (1830 turns).

Meow the Chopper (Naga Berserker)                   Turns: 1830, Time: 00:04:58

Health: 0/36       AC:  2    Str: 20    XL:     3   Next: 81%
Magic:  3/3        EV:  9    Int:  7    God:    Trog [**....]
Gold:   64         SH:  0    Dex: 10    Spells: 2/2 levels left

rFire   . . .      SeeInvis +   a - +0 hand axe
rCold   . . .      Faith    .   (no shield)
rNeg    . . .      Spirit   .   b - +0 animal skin
rPois   +          Reflect  .   (no helmet)
rElec   .          Harm     .   (no cloak)
rCorr   .          Rampage  .   (no gloves)
Will    .....                   (no barding)
Stlth   +.........              (no amulet)
HPRegen 0.12/turn               (no ring)
MPRegen 0.08/turn               (no ring)

@: confused, on berserk cooldown, slowed, very slow
A: AC +1, large, see invisible, deformed body, poison resistance, slowness 2,
spit poison 1, naga tail 1
a: Spit Poison, Renounce Religion, Berserk, Trog's Hand


You were on level 3 of the Dungeon.
You worshipped Trog.
Trog was pleased with you.
You visited 1 branch of the dungeon, and saw 3 of its levels.

You collected 64 gold pieces.

Inventory:

Hand Weapons
 a - a +0 hand axe (weapon)
 k - a +0 hunting sling
Missiles
 d - 39 sling bullets
 g - 37 bolts
 i - 13 stones
 l - 13 poisoned darts
 q - 21 arrows
Armour
 b - a +0 animal skin (worn)
Jewellery
 o - a ring of fire
Scrolls
 e - 2 scrolls of blinking
 f - a scroll of enchant weapon {unknown}
 j - a scroll of teleportation {unknown}
 m - a scroll of fear {unknown}
 n - a scroll of vulnerability {unknown}
Potions
 c - a potion of heal wounds {unknown}
 h - a potion of lignification {unknown}
 p - a potion of invisibility {unknown}


   Skills:
 + Level 3.8 Fighting
 + Level 3.9 Axes
 - Level 1.5 Armour
 - Level 1.5 Dodging
 + Level 0.7 Stealth


You had 2 spell levels left.
You didn't know any spells.
Your spell library contained the following spells:

 Spells                   Type           Power      Damage    Failure   Level
 Corpse Rot               Necr/Air       0%         N/A       56%         2
 Poisonous Vapours        Pois/Air       0%         N/A       56%         2
 Dispel Undead            Necr           0%         3d6       99%         4
 Death Channel            Necr           0%         N/A       100%        6


Dungeon Overview and Level Annotations

Branches:
Dungeon (3/15)

Altars:
Fedhas


Innate Abilities, Weirdness & Mutations

Your serpentine skin is tough. (AC +1)
You have supernaturally acute eyesight. (SInv)
Armour fits poorly on your strangely shaped body.
Your system is resistant to poisons. (rPois)
You cover ground very slowly.
You can spit poison.
You have a snake-like lower body.


Message History

The orc wizard hits you with a +0 dagger.
You're too confused to move!
You feel a strong urge to attack something.
You bump into the rock wall.
The orc wizard points at you and mumbles some strange words.
You resist with some effort.
You bump into the rock wall.
You feel your anger nearly subside.
You are no longer berserk.
You are exhausted.
You feel yourself slow down.
You hit the orc but do no damage.
You have got your breath back.
The orc hits you with a +0 flail.
You bump into the rock wall.
The orc wizard hits you but does no damage.
The orc hits you with a +0 flail.
The orc wizard hits you with a +0 dagger.
You are too confused!
You bump into the rock wall.
You feel less confused. The orc barely misses you.
The orc wizard hits you with a +0 dagger.
The orc hits you with a +0 flail.
Unknown command.
You hit the orc wizard.
The orc wizard is severely wounded.
You barely miss the orc.
The orc wizard hits you with a +0 dagger.
The orc completely misses you.
The orc wizard points at you and mumbles some strange words.
The magic dart hits you.
You hit the orc wizard.
The orc wizard is almost dead.
You hit the orc but do no damage. The orc hits you with a +0 flail!
* * * LOW HITPOINT WARNING * * *
The orc wizard gestures at you while chanting.
You are confused.
The orc barely misses you.
The orc wizard hits you with a +0 dagger.
You die...

#......# ##...
.... ##..# ...#.
#.####.<# .<...
#.......# ......
###.###)##......
.. #......... .
###........
#@..#......
#oo##..#....
#... .......
.............
####..........
#..(......
#.........
#.......


You could see an orc wizard and an orc.

Vanquished Creatures
  An adder (D:3)
  A dart slug (D:1)
  An orc (D:3)
  A ball python (D:1)
  4 endoplasms
  2 giant cockroaches
  A hobgoblin (D:1)
  2 jackals (D:2)
  4 kobolds
  A quokka (D:1)
  6 bats
  6 frilled lizards
  3 goblins (D:2)
  4 rats
37 creatures vanquished.

Notes
Turn   | Place    | Note
-------+----------+-------------------------------------------
     0 | D:1      | Meow the Naga Berserker began the quest for the Orb.
     0 | D:1      | Reached XP level 1. HP: 21/21 MP: 1/1
   116 | D:1      | Reached XP level 2. HP: 28/28 MP: 2/2
   934 | D:2      | Reached XP level 3. HP: 31/34 MP: 3/3
  1288 | D:2      | Found a blossoming altar of Fedhas.
  1763 | D:3      | Reached ** piety under Trog
  1830 | D:3      | Slain by an orc wizard

Illustrated notes

Levels and vault maps discovered:
D:1:      lightli_arrival_lavapool, layout_loops_ring
D:2:      layout_loops_corners, basic_altar
D:3:      layout_rooms, hellmonk_ecumenical_altar_prayer_group, serial_shops,
          shop_statue, serial_park_tiny_1

Action                   || total
-------------------------++-------
Melee: Hand axe          ||    50
Invok: Berserk           ||     2
 Abil: Spit Poison       ||    27
  Use: Scroll            ||     1
Armor: Animal skin       ||    14
Dodge: Dodged            ||    26

Table legend: (Time is in decaauts)
 A = Elapsed time spent in this place.
 B = Non-inter-level travel time spent in this place.
 C = Inter-level travel time spent in this place.
 D = Time resting spent in this place.
 E = Time spent auto-exploring this place.
 F = Levels seen in this place.
 G = Mean time per level.
                   A        B        C        D        E       F      G
               +--------+--------+--------+--------+--------+-----+--------+
         Total |   2410 |   2319 |     91 |    307 |   1687 |   3 |  803.3 |
       Dungeon |   2410 |   2319 |     91 |    307 |   1687 |   3 |  803.3 |
               +--------+--------+--------+--------+--------+-----+--------+

Top non-repeatable levels by time:
     D:2: 1404 daAuts
     D:1: 976 daAuts
     D:3: 30 daAuts
